 Dungeon Crawl Stone Soup version 0.23-b1-6-ga921848b48 (webtiles) character file.

Game seed: 14589385574565747940

20738 Infinimo the Black Belt (level 12, -2/89 HPs)
             Began as a Merfolk Transmuter on Feb 2, 2019.
             Was a High Priest of Okawaru.
             Slain by a six-headed hydra (7 damage)
             ... on level 2 of the Lair of Beasts.
             The game lasted 00:26:39 (15009 turns).

Infinimo the Black Belt (Merfolk Transmuter)       Turns: 15009, Time: 00:26:39

Health: -2/89      AC: 10    Str: 19    XL:     12   Next: 82%
Magic:  15/15      EV: 16    Int: 17    God:    Okawaru [*****.]
Gold:   557        SH:  0    Dex: 14    Spells: 6/15 levels left

rFire    + . .     SeeInvis .     - Unarmed
rCold    . . .     Gourm    .   (no shield)
rNeg     . . .     Faith    .   E - +2 scale mail of Nobility {rPois Str+8}
rPois    +         Spirit   .   v - +1 helmet
rElec    .         Reflect  .   (no cloak)
rCorr    .         Harm     .   (no gloves)
MR       .....                  (no boots)
Stlth    ..........             (no amulet)
HPRegen  0.24/turn              f - ring of protection from fire
MPRegen  0.14/turn              r - +5 ring of evasion

@: hasted, very quick
A: change form in water, swift swim, stealthy swim
a: Heroism, Finesse, Renounce Religion


You were on level 2 of the Lair of Beasts.
You worshipped Okawaru.
Okawaru was extremely pleased with you.
You were hungry.

You visited 3 branches of the dungeon, and saw 13 of its levels.
You also visited: Sewer.

You collected 744 gold pieces.
You spent 187 gold pieces at shops.

Inventory:

Missiles
 a - 216 arrows
Armour
 v - a +1 helmet (worn)
 y - a +0 troll leather armour
 E - the +2 scale mail of Nobility (worn) {rPois Str+8}
   (Okawaru gifted it to you on level 1 of the Lair of Beasts)

   It affects your strength (+8).
   It protects you from poison.
Jewellery
 f - a ring of protection from fire (left hand)
 r - a +5 ring of evasion (right hand)
 D - an uncursed ring of see invisible
 H - an uncursed ring of positive energy {unknown}
 J - an uncursed ring of ice {unknown}
 L - a cursed ring of teleportation {unknown}
 M - an uncursed ring of ice {unknown}
Wands
 g - a wand of scattershot (10)
 x - a wand of iceblast (10)
Scrolls
 b - a scroll of blinking
 i - 9 scrolls of remove curse
 l - 3 scrolls of immolation
 q - 3 scrolls of amnesia
 u - 2 scrolls of enchant weapon
 w - a scroll of fear
 A - 2 scrolls of enchant armour
 G - a scroll of fog {unknown}
 I - a scroll of identify
Potions
 e - 4 potions of degeneration {unknown}
 h - 3 potions of might
 j - a potion of heal wounds
 k - 3 potions of brilliance
 m - a potion of mutation {unknown}
 n - a potion of magic {unknown}
 o - 4 potions of lignification
 p - 5 potions of resistance
 s - 2 potions of flight
 t - 5 potions of curing
 z - a potion of berserk rage {unknown}
 B - 2 potions of haste
 C - a potion of ambrosia {unknown}
 F - a potion of cancellation {unknown}
Comestibles
 d - 18 rations


   Skills:
 + Level 6.9 Fighting
 - Level 2.6 Dodging
 * Level 17.0 Unarmed Combat
 - Level 2.0 Spellcasting
 + Level 14.5 Transmutations


You had 6 spell levels left.
You knew the following spells:

 Your Spells              Type           Power        Failure   Level  Hunger
a - Beastly Appendage     Tmut           ######       1%          1    #......
b - Spider Form           Tmut/Pois      ####......   10%         3    ###....
c - Blade Hands           Tmut           ######....   4%          5    ######.

Your spell library contained the following spells:

 Spells                   Type           Power        Failure   Level  Hunger
 Sticks to Snakes         Tmut           ######..     1%          2    ###....
 Ice Form                 Ice/Tmut       ####....     30%         4    #####..
 Animate Skeleton         Necr           N/A          52%         1    #......
 Pain                     Necr           #...         52%         1    #......
 Summon Small Mammal      Summ           #...         52%         1    #......
 Call Imp                 Summ           #.......     67%         2    ###....
 Call Canine Familiar     Summ           #.......     88%         3    ###....
 Regeneration             Chrm/Necr      #.........   88%         3    ###....
 Summon Guardian Golem    Hex/Summ       #.......     88%         3    ###....
 Vampiric Draining        Necr           #.........   88%         3    ###....
 Animate Dead             Necr           N/A          99%         4    #####..
 Summon Ice Beast         Ice/Summ       #.......     99%         4    #####..
 Summon Lightning Spire   Summ/Air       #.......     99%         4    #####..


Dungeon Overview and Level Annotations

Branches:
Dungeon (10/15)            Temple (1/1) D:7            Lair (2/6) D:9
  Snake (0/4) Lair:2          Orc (0/2) D:10
  Swamp: Lair:2-4    Shoals: Lair:2-4

Altars:
Ashenzari
Cheibriados
Dithmenos
Elyvilon
Fedhas
Gozag
Hepliaklqana
Kikubaaqudgha
Makhleb
Nemelex Xobeh
Okawaru
Qazlal
Ru
Sif Muna
Trog
Uskayaw
Vehumet
Wu Jian
Xom
Yredelemnul
Zin
The Shining One

Shops:
D:9 [   D:10 }:

Annotations:
D:5 3 runed translucent doors, Zaque's ghost, amateur SpEn


Message History

The six-headed hydra is heavily wounded.
The six-headed hydra bites you. The six-headed hydra bites you!
The six-headed hydra bites you. The six-headed hydra bites you!
The six-headed hydra is heavily wounded.
The six-headed hydra is heavily wounded.
The six-headed hydra bites you. The six-headed hydra bites you!
You punch the six-headed hydra!
The six-headed hydra is severely wounded.
The six-headed hydra is severely wounded.
The six-headed hydra bites you!
The six-headed hydra is severely wounded.
The six-headed hydra is almost dead.
The six-headed hydra bites you! x2
* * * LOW HITPOINT WARNING * * *
The six-headed hydra bites you.
* * * LOW HITPOINT WARNING * * *
The six-headed hydra bites you!
* * * LOW HITPOINT WARNING * * *
The six-headed hydra bites you!
You die...

##....................P.....##
##....<..............P.....##
##...D................#P...#
#...<................#....#
#....................P...##
#.........................#
###P#.#.#........##...##.#.#
#########P...###.....###.###
..# ##....#.@[.### ### .##
####)......D###
..####...........### ####
..##...............# ##..##
...#...............# ##....##
..................## #.....P#
..................## #.....##
...#...............###......##
.###...............##.......P#


You could see a six-headed hydra.

Vanquished Creatures
  Erica (Lair:2)
  The ghost of Fliddo the Fighter, a novice GrFi of Trog (D:8)
  An unseen horror (D:10)
  Pikel (D:6)
  An oklob plant (Lair:1)
  A cyclops (D:10)
  Joseph (D:8)
  A black mamba (Lair:1)
  Psyche (D:8)
  6 spiny frogs
  3 trolls
  Grinder (D:6)
  A slime creature (D:6)
  2 hippogriffs
  Sigmund (D:2)
  A wyvern (D:10)
  2 basilisks (Lair:2)
  35 yaks
  Eustachio (D:6)
  A hungry ghost (D:7)
  3 water moccasins (Lair:1)
  3 porcupines (Lair:1)
  4 orc warriors
  Purgy (Sewer)
  3 sky beasts
  A slave (D:6)
  A black bear (D:8)
  2 phantoms
  9 ogres
  A wolf (D:10)
  4 centaurs
  3 crocodiles
  8 big kobolds
  10 bullfrogs
  8 gnoll sergeants (D:10)
  5 scorpions
  5 wights (D:9)
  3 howler monkeys
  5 crimson imps
  A quasit (D:8)
  9 orc priests
  A centaur zombie (D:10)
  6 jellies
  9 hounds
  2 bullfrog skeletons
  A centaur skeleton (D:6)
  2 gnoll shamans (D:10)
  7 iguanas
  21 orc wizards
  7 worker ants
  A hound zombie (D:5)
  2 worker ant zombies
  39 gnolls
  17 adders
  2 shadow imps
  6 oozes (D:6)
  2 adder skeletons
  2 worms (D:5)
  A dart slug (D:4)
  7 leopard geckos
  40 orcs
  10 giant cockroaches
  3 goblins (D:2)
  7 hobgoblins
  13 jackals
  6 quokkas
  3 ball pythons
  12 bats
  13 frilled lizards
  16 kobolds
  A quokka skeleton (D:8)
  A quokka zombie (D:6)
  8 rats
420 creatures vanquished.

Vanquished Creatures (others)
  A bullfrog (D:6)
  An orc wizard (D:9)
  A fungus (Lair:1)
  2 plants (Lair:1)
  7 toadstools (D:6)
12 creatures vanquished.

Grand Total: 432 creatures vanquished

Notes
Turn   | Place    | Note
-------+----------+-------------------------------------------
     0 | D:1      | Infinimo the Merfolk Transmuter began the quest for the
                  | Orb.
     0 | D:1      | Reached XP level 1. HP: 15/15 MP: 3/3
   429 | D:1      | Reached XP level 2. HP: 21/21 MP: 3/5
  1009 | D:2      | Reached skill level 4 in Unarmed Combat
  1009 | D:2      | Reached XP level 3. HP: 22/26 MP: 4/6
  1097 | D:2      | Noticed Sigmund
  1115 | D:2      | Killed Sigmund
  1115 | D:2      | Reached skill level 5 in Unarmed Combat
  1115 | D:2      | Reached XP level 4. HP: 15/32 MP: 7/7
  1115 | D:2      | Reached XP level 5. HP: 17/37 MP: 8/8
  1332 | D:2      | Noticed an ogre
  1402 | D:1      | Learned a level 3 spell: Spider Form
  1500 | D:2      | Reached skill level 6 in Unarmed Combat
  1508 | D:2      | Killed an ogre
  1508 | D:2      | Reached skill level 5 in Transmutations
  1508 | D:2      | Reached XP level 6. HP: 43/43 MP: 6/9
  2325 | D:3      | Reached skill level 7 in Unarmed Combat
  2371 | D:3      | Reached XP level 7. HP: 33/48 MP: 3/10
  3317 | D:3      | Learned a level 5 spell: Blade Hands
  3838 | D:4      | Reached skill level 8 in Unarmed Combat
  4037 | D:4      | Reached XP level 8. HP: 54/54 MP: 7/11
  4286 | D:4      | Reached skill level 9 in Unarmed Combat
  4859 | D:5      | Entered Level 5 of the Dungeon
  5150 | D:5      | Found an opulent altar of Gozag.
  5161 | D:5      | Reached skill level 10 in Unarmed Combat
  5332 | D:5      | Found a runed translucent gate.
  5332 | D:5      | Found a runed translucent gate.
  5332 | D:5      | Found a runed translucent gate.
  5361 | D:5      | Noticed Zaque's ghost (amateur SpEn)
  5854 | D:6      | Reached XP level 9. HP: 53/59 MP: 8/12
  6018 | D:6      | Noticed Eustachio
  6021 | D:6      | Noticed Grinder
  6029 | D:6      | Killed Eustachio
  6029 | D:6      | Reached skill level 11 in Unarmed Combat
  6039 | D:6      | Killed Grinder
  6391 | D:6      | Found a shadowy altar of Dithmenos.
  6399 | D:6      | Noticed Pikel
  6409 | D:6      | Killed Pikel
  6409 | D:6      | Reached skill level 12 in Unarmed Combat
  6409 | D:6      | Reached skill level 10 in Transmutations
  6430 | D:6      | Found a glowing drain.
  6458 | Sewer    | Entered a sewer
  6613 | Sewer    | Noticed Purgy
  6622 | Sewer    | Killed Purgy
  7211 | D:6      | Reached XP level 10. HP: 10/65 MP: 11/13
  7699 | D:7      | You fall through a shaft for 2 floors!
  7699 | D:9      | Found a staircase to the Lair.
  7944 | D:9      | HP: 2/65 [something (7)]
  8217 | D:9      | Reached skill level 13 in Unarmed Combat
  8397 | D:9      | Found Gusuh's Armour Shop.
  8838 | D:9      | Bought a +1 hat for 187 gold pieces
  9084 | D:8      | Noticed Psyche
  9368 | D:7      | Found a staircase to the Ecumenical Temple.
  9382 | Temple   | Entered the Ecumenical Temple
  9543 | Temple   | Became a worshipper of Warmaster Okawaru
 10221 | D:8      | Found a runed translucent gate.
 10221 | D:8      | Found a runed translucent gate.
 10221 | D:8      | Found a runed translucent gate.
 10221 | D:8      | Found an opulent altar of Gozag.
 10259 | D:8      | Noticed Fliddo's ghost (novice GrFi)
 10280 | D:8      | Killed Psyche
 10280 | D:8      | Reached * piety under Okawaru
 10280 | D:8      | Reached skill level 14 in Unarmed Combat
 10345 | D:8      | Noticed Joseph
 10356 | D:8      | Killed Joseph
 10362 | D:8      | Reached XP level 11. HP: 52/70 MP: 6/14
 10591 | D:8      | Found an opulent altar of Gozag.
 10734 | D:8      | Killed Fliddo's ghost
 10734 | D:8      | Reached ** piety under Okawaru
 10827 | D:10     | Entered Level 10 of the Dungeon
 11210 | D:10     | Reached skill level 15 in Unarmed Combat
 11276 | D:10     | Found Siats's Gadget Shop.
 11285 | D:10     | Reached *** piety under Okawaru
 11455 | D:10     | Killed an unseen horror
 11671 | D:10     | Found a staircase to the Orcish Mines.
 11825 | D:9      | Reached **** piety under Okawaru
 11952 | D:10     | Received a gift from Okawaru
 12087 | D:10     | Found Efilat's Book Shop.
 12178 | D:10     | Noticed a cyclops
 12189 | D:10     | Killed a cyclops
 12270 | D:10     | Reached XP level 12. HP: 61/84 MP: 9/15
 12671 | Lair:1   | Entered Level 1 of the Lair of Beasts
 12785 | Lair:1   | Reached skill level 5 in Fighting
 12788 | Lair:1   | Reached skill level 16 in Unarmed Combat
 12828 | Lair:1   | Reached ***** piety under Okawaru
 13113 | Lair:1   | Received a gift from Okawaru
 13116 | Lair:1   | Got an ichor-stained scale mail {god gift}
 13138 | Lair:1   | Identified the +2 scale mail of Nobility {rPois Str+8}
                  | (Okawaru gifted it to you on level 1 of the Lair of Beasts)
 13821 | Lair:2   | Noticed Erica
 13837 | Lair:2   | Killed Erica
 14082 | Lair:2   | Noticed a six-headed hydra
 14590 | Lair:2   | Reached skill level 17 in Unarmed Combat
 14629 | Lair:2   | Found a staircase to the Snake Pit.
 15009 | Lair:2   | Slain by a six-headed hydra

Skill      XL: |  1  2  3  4  5  6  7  8  9 10 11 12 |
---------------+-------------------------------------+-----
Transmutations | 3 4 5 7 8 10 12 13 14 | 14.5
Unarmed Combat | 4 5 6 7 8 10 12 14 15 17 | 17.0
Fighting       | 4 6 |  6.9
Dodging        | |  2.6
Spellcasting   | |  2.0

Action                   |  1- 3 |  4- 6 |  7- 9 | 10-12 || total
-------------------------+-------+-------+-------+-------++-------
Melee: Unarmed           |    63 |    94 |   428 |   694 ||  1279
       Headbutt          |     9 |       |       |       ||     9
       Punch             |       |     1 |     6 |    26 ||    33
       Tailslap          |       |       |       |     1 ||     1
 Cast: Beastly Appendage |     9 |       |       |       ||     9
       Spider Form       |       |     4 |    35 |    19 ||    58
       Blade Hands       |       |       |       |    51 ||    51
  Use: Scroll            |       |       |    16 |     4 ||    20
       Potion            |       |       |       |     6 ||     6
 Stab: Sleeping          |     1 |     2 |     4 |     1 ||     8
  Eat: Chunk             |     1 |     4 |    21 |    33 ||    59
       Ration            |       |       |       |     4 ||     4
Armor: Robe              |    10 |     6 |    27 |       ||    43
       Skin              |       |     1 |     7 |     5 ||    13
       Troll leather arm |       |       |       |    58 ||    58
       Scale mail        |       |       |       |    19 ||    19
Dodge: Dodged            |    41 |    71 |   273 |   544 ||   929
